 Dungeon Crawl Stone Soup version 0.28-a0-612-gcfc00ec14d (webtiles) character file.

Game seed: 7149918240155611340

2 AttackTheMoon the Sneak (level 1, -2/19 HPs)
             Began as a Draconian Delver on Oct 5, 2021.
             Was an Initiate of Cheibriados.
             Slain by a kobold brigand (5 damage)
             ... on level 5 of the Dungeon.
             The game lasted 00:01:04 (357 turns).

AttackTheMoon the Sneak (Draconian Delver)           Turns: 357, Time: 00:01:05

Health: -2/19      AC:  4    Str: 15    XL:     1   Next: 25%
Magic:  1/1        EV: 12    Int: 11    God:    Cheibriados [......]
Gold:   6          SH:  0    Dex: 13    Spells: 0/0 levels left

rFire   . . .      SeeInvis .   a - +0 mace
rCold   . . .      Faith    .   (no shield)
rNeg    . . .      Spirit   .   (armour unavailable)
rPois   .          Reflect  .   (helmet restricted)
rElec   .          Harm     .   (no cloak)
rCorr   .          Rampage  .   (no gloves)
Will    .....                   (no boots)
Stlth   +++.......              (no amulet)
HPRegen 0.06/turn               (no ring)
MPRegen 0.07/turn               (no ring)

@: very slow
A: AC +4, unfitting armour, cold-blooded
a: Renounce Religion, Bend Time


You were on level 5 of the Dungeon.
You worshipped Cheibriados.
Cheibriados was noncommittal.
You visited 2 branches of the dungeon, and saw 3 of its levels.

You collected 6 gold pieces.

Inventory:

Hand Weapons
 a - a +0 mace (weapon)
Wands
 f - a wand of digging (3)
Scrolls
 b - a scroll of fog
 c - a scroll of magic mapping
 d - a scroll of fear
Potions
 e - a potion of haste


   Skills:
 + Level 3.3 Fighting
 + Level 2.0 Maces & Flails
 + Level 1.8 Dodging
 - Level 4.5 Stealth
 + Level 0.1 Spellcasting
 + Level 0.1 Invocations


You couldn't memorise any spells.
You didn't know any spells.
Your spell library was empty.

Dungeon Overview and Level Annotations

Branches:
Dungeon (6/15)             Temple (1/1) D:5

Altars:
Cheibriados
Dithmenos
Fedhas
Gozag
Kikubaaqudgha
Okawaru
Ru
Sif Muna
Trog
Uskayaw
Vehumet
Yredelemnul
The Shining One


Innate Abilities, Weirdness & Mutations

Your plain brown scales are hard. (AC +4)
You cannot fit into any form of body armour.
You are cold-blooded and may be slowed by cold attacks.


Message History

You barely miss the kobold. The kobold hits you but does no damage.
You closely miss the kobold. The kobold closely misses you.
You miss the kobold.
The kobold hits you with a +0 short sword.
The kobold closely misses you.
You hit the kobold.
You kill the kobold!
Cheibriados appreciates the change of pace.
Things that are here:
a +0 short sword; a stone; a kobold corpse
There is a stone staircase leading down here.
You climb downwards.
There is a stone staircase leading up, spattered with blood here.
You climb upwards.
There is a stone staircase leading down here.
You hit the kobold brigand.
Your tail-slap misses the kobold brigand.
The kobold brigand is lightly wounded.
The kobold brigand hits you with a +0 dagger.
The kobold brigand hits you but does no damage.
You closely miss the kobold brigand.
The kobold brigand is lightly wounded.
The kobold brigand hits you with a +0 dagger.
You hit the kobold brigand. You tail-slap the kobold brigand.
The kobold brigand is moderately wounded.
The kobold brigand hits you with a +0 dagger.
Okay, then.
Okay, then.
You barely miss the kobold brigand.
The kobold brigand is moderately wounded.
The kobold brigand hits you with a +0 dagger. x2
* * * LOW HITPOINT WARNING * * *
Okay, then.
You hit the kobold brigand.
The kobold brigand is heavily wounded.
The kobold brigand closely misses you.
You hit the kobold brigand.
The kobold brigand is heavily wounded.
The kobold brigand hits you with a +0 dagger.
You die...

. #######
.#
#8...8##.#
#.(K..#..##
#..@..#....
#..(..#..#.
#.⌠.⌠.# ...
#.....# .
#.⌠.⌠.#
###.....#
#.#..>..#
....#.....#
#####8...8#


You could see a kobold brigand.

Vanquished Creatures
  3 kobolds (D:5)
3 creatures vanquished.

Notes
Turn   | Place    | Note
-------+----------+-------------------------------------------
     0 | D:5      | AttackTheMoon the Draconian Delver began the quest for the
                  | Orb.
     0 | D:5      | Reached XP level 1. HP: 19/19 MP: 1/1
     8 | Temple   | Entered the Ecumenical Temple
    77 | Temple   | Became a worshipper of Cheibriados the Contemplative
   100 | D:6      | Noticed a kobold brigand
   357 | D:5      | Slain by a kobold brigand

Illustrated notes

Levels and vault maps discovered:
D:5:      layout_loops_ring, zin_purify, minmay_temple_entry_from_below_b,
          uniq_grinder
D:6:      layout_basic, mainiacjoe_overflow_alcove_1, serial_shops, shop,
          minmay_ogre_servants
Temple:   cyrus_circular_temple

Action                   || total
-------------------------++-------
Melee: Mace              ||    17
       Tailslap          ||     2
Armor: Skin              ||     9
Dodge: Dodged            ||    12

Table legend: (Time is in decaauts)
 A = Elapsed time spent in this place.
 B = Non-inter-level travel time spent in this place.
 C = Inter-level travel time spent in this place.
 D = Time resting spent in this place.
 E = Time spent auto-exploring this place.
 F = Levels seen in this place.
 G = Mean time per level.
                   A        B        C        D        E       F      G
               +--------+--------+--------+--------+--------+-----+--------+
         Total |    373 |    366 |      7 |    204 |     34 |   3 |  124.3 |
       Dungeon |    295 |    295 |      0 |    204 |      0 |   2 |  147.5 |
        Temple |     78 |     71 |      7 |      0 |     34 |   1 |   78.0 |
               +--------+--------+--------+--------+--------+-----+--------+

Top non-repeatable levels by time:
     D:5: 254 daAuts
  Temple: 78 daAuts
     D:6: 40 daAuts
